 Dungeon Crawl Stone Soup version 0.19-a0-1933-g052ff51 (webtiles) character file.

52 Kaname the Digger (level 3, -1/24 HPs)
             Began as a Demonspawn Earth Elementalist on Oct 26, 2016.
             Slain by an adder (2 damage)
             ... on level 2 of the Dungeon.
             The game lasted 00:06:35 (2743 turns).

Kaname the Digger (Demonspawn Earth Elementalist)   Turns: 2743, Time: 00:06:36

Health: -1/24      AC:  2    Str:  8    XL:     3   Next: 60%
Magic:  4/6        EV: 12    Int: 17    God:
Gold:   88         SH:  0    Dex: 13    Spells: 3 memorised, 0 levels left

rFire  + . .     SeeInvis .     g - +0 short sword
rCold  + . .     Gourm    .     c - +0 robe
rNeg   . . .     Faith    .     (no shield)
rPois  +         Spirit   .     (no helmet)
rElec  +         Reflect  .     (no cloak)
rCorr  +         Harm     .     (no gloves)
MR     .....     Rnd*Tele +     (no boots)
Stlth  +++.......               (no amulet)
                                (no ring)
                                h - ring of teleportation (curse)

@: lethally poisoned (-1 -> -7), resistant, very slightly contaminated,
starving, hasted, very quick
A: nightstalker 1
a: no special abilities


You were on level 2 of the Dungeon.
You were starving.

You visited 1 branch of the dungeon, and saw 2 of its levels.

You collected 88 gold pieces.

Inventory:

Hand Weapons
 g - a +0 short sword (weapon)
Missiles
 b - 58 stones (quivered)
Armour
 c - a +0 robe (worn)
Jewellery
 h - a cursed ring of teleportation (left hand)
Scrolls
 j - a scroll of enchant weapon {unknown}
 k - a scroll of blinking {unknown}
Potions
 a - a potion of resistance
 f - a potion of haste
Books
 e - a book of Geomancy

   Spells                             Type                      Level
   a - Sandblast                      Earth                        1
   b - Passwall                       Transmutation/Earth          2
   c - Stone Arrow                    Conjuration/Earth            3
   d - Petrify                        Transmutation/Earth          4
   e - Lee's Rapid Deconstruction     Earth                        5
Comestibles
 d - 2 bread rations
 i - a meat ration


   Skills:
 - Level 1.7 Dodging
 - Level 1.7 Stealth
 - Level 2.0 Spellcasting
 + Level 1.1 Conjurations
 - Level 0.8 Transmutations
 - Level 4.0 Earth Magic


You couldn't memorise any spells.
You knew the following spells:

 Your Spells              Type           Power        Failure   Level  Hunger
a - Sandblast             Erth           ###...       3%          1    #......
b - Passwall              Tmut/Erth      #.........   14%         2    ###....
c - Stone Arrow           Conj/Erth      ##....       21%         3    ###....


Dungeon Overview and Level Annotations

Branches:
Dungeon (2/15)

Altars:


Innate Abilities, Weirdness & Mutations

You are slightly more attuned to the shadows.


Message History

* * * LOW HITPOINT WARNING * * *
You are lethally poisoned!
The adder poisons you!
It was a potion of haste.
You feel yourself speed up.
* * * LOW HITPOINT WARNING * * *
You feel sick. The adder barely misses you.
You are very lightly contaminated with residual magic.
It was a potion of resistance.
You feel protected. The adder completely misses you.
Okay, then.
You barely miss the adder.
The adder is almost dead.
* * * LOW HITPOINT WARNING * * *
You feel sick. The adder bites you.
* * * LOW HITPOINT WARNING * * *
You hit the adder but do no damage.
The adder is almost dead.
The adder bites you.
You die...

#...... #...... .....
#..)### # ....
#..##.. # #..#
#..##.. # #..#
#..##.. # ##..#
...###> # #...# #..##
#. # #.#S# #.. #.
##############.#@####
##
...........##.......#
###
##########.##.#####.#
#... #######.##.# #.#
#.## #......#...# #.#
## #.#####.##.# #.#
.. #.# #.##.#####.#
#. #.# #.##.......#
#.## #.# #.######.###
.###...


You could see an adder.

Vanquished Creatures
  An ooze (D:2)
  A dart slug (D:2)
  2 leopard geckos (D:1)
  6 bats
  2 giant cockroaches
  2 goblins (D:1)
  6 hobgoblins (D:1)
  5 jackals
  6 frilled lizards
  8 kobolds
  2 rats (D:1)
41 creatures vanquished.

Notes
Turn   | Place    | Note
-------+----------+-------------------------------------------
     0 | D:1      | Kaname the Demonspawn Earth Elementalist began the quest for the Orb.
     0 | D:1      | Reached XP level 1. HP: 13/13 MP: 3/3
   166 | D:1      | Reached skill level 3 in Earth Magic
   437 | D:1      | Gained mutation: You are slightly more attuned to the shadows. [demonic ancestry]
   437 | D:1      | Reached XP level 2. HP: 9/19 MP: 0/5
  1091 | D:1      | Learned a level 2 spell: Passwall
  1841 | D:1      | Reached XP level 3. HP: 24/24 MP: 4/6
  2271 | D:1      | Reached skill level 4 in Earth Magic
  2277 | D:1      | Learned a level 3 spell: Stone Arrow
  2596 | D:2      | Reached skill level 1 in Conjurations
  2742 | D:2      | HP: 1/24 [adder (2)]
  2743 | D:2      | Slain by an adder

Vault maps used:
D:1:      lightli_arrival_statuegarden
D:2:      first_bread

Skill      XL: |  1  2  3 |
---------------+----------+-----
Earth Magic    | 3 4 |  4.0
Conjurations   | 1 |  1.1
Dodging        | |  1.7
Stealth        | |  1.7
Spellcasting   | |  2.0
Transmutations | |  0.8

Action                   || total
-------------------------++-------
Melee: Unarmed           ||    73
       Short sword       ||    66
 Cast: Sandblast         ||    73
  Use: Potion            ||     2
 Stab: Sleeping          ||     8
       Distracted        ||     2
  Eat: Chunk             ||     5
Armor: Robe              ||    39
Dodge: Dodged            ||   148
